 Dungeon Crawl Stone Soup version 0.31-a0-640-g39d97e502b (webtiles) character file.

Game seed: 14783605396167561626

8 Revguard the Ruffian (level 2, -1/21 HPs)
             Began as a Demonspawn Shapeshifter on Aug 28, 2023.
             Frozen to death by an endoplasm (5 damage)
             ... on level 1 of the Dungeon.
             The game lasted 00:02:34 (340 turns).

Revguard the Ruffian (Demonspawn Shapeshifter)       Turns: 340, Time: 00:02:34

Health: -1/21      AC:  2    Str: 14    XL:     2   Next: 0%
Magic:  2/2        EV: 12    Int: 11    God:
Gold:   18         SH:  0    Dex: 12    Spells: 1/1 levels left

rFire   . .          .
                       - Unarmed
rCold   . . .        (no shield)
rNeg    . . .        a - +0 animal skin
rPois   .            (helmet currently unavailable)
rElec   .            (cloak currently unavailable)
rCorr   .            (gloves currently unavailable)
SInv    .            (boots currently unavailable)
Will    .....        (no amulet)
Stlth   +            (no ring)
HPRegen 0.23/turn    (no ring)
MPRegen 0.08/turn

%: no passive effects
@: beast-form
A: beast (slay +1), ignite blood 1
a: Begin Untransformation


You were on level 1 of the Dungeon.
You were a hulking beast.
You visited 1 branch of the dungeon, and saw 1 of its levels.

You collected 18 gold pieces.

Inventory:

Armour
 a - a +0 animal skin (worn)
Talismans
 c - a beast talisman (active)
 d - a flux talisman
Scrolls
 g - a scroll of fear {unknown}
 h - a scroll of revelation {unknown}
Potions
 b - a potion of lignification
 e - a potion of mutation {unknown}
 f - 2 potions of curing {unknown}
 i - a potion of haste {unknown}


   Skills:
 + Level 1.1 Fighting
 + Level 0.3 Armour
 + Level 1.8 Dodging
 + Level 2.8 Unarmed Combat
 + Level 0.5 Invocations
 + Level 0.4 Evocations
 + Level 2.7 Shapeshifting


You had one spell level left.
You didn't know any spells.
Your spell library was empty.

Dungeon Overview and Level Annotations

Branches:
Dungeon (1/15)

Altars:


Innate Abilities, Weirdness & Mutations

You are a hulking beast.
Your limbs bulge with bestial killing power. (Slay +1)
Your demonic aura sometimes causes spilled blood to erupt in flames.


Message History

There is an open door here.
g - a scroll labelled YLOSUI HEVO
h - a scroll labelled YRUXOOBL GURU You now have 18 gold pieces (gained 6).
Found a spear.
i - a brown potion An endoplasm comes into view.
Found 3 stones.
A quokka comes into view.
Found a stone staircase leading down.
The quokka bites you. The quokka attacks as it pursues you!
The quokka bites you but does no damage.
The quokka bites you.
You closely miss the quokka. The quokka bites you.
You closely miss the quokka. The quokka barely misses you.
You hit the quokka.
The quokka is lightly wounded.
The quokka bites you.
You completely miss the quokka.
The quokka is lightly wounded.
The quokka bites you.
* * * LOW HITPOINT WARNING * * *
You hit the quokka.
The quokka is almost dead.
The quokka bites you.
* * * LOW HITPOINT WARNING * * *
The quokka misses you. The quokka attacks as it pursues you!
The quokka barely misses you.
There are monsters nearby!
You hit the quokka.
You kill the quokka!
You have reached level 2!
Your demonic ancestry asserts itself...
Your blood heats up.
The endoplasm barely misses you.
You hit the endoplasm but do no damage. The endoplasm freezes you.
You are frozen.
You die...

.... #######... #. ...
##......#..##.# #.. . #.........
.... ..####### #.......# #..##
#>....... #.......+
#...###........ ####.......#
#...##......... # #..........#
#...##.........
####..........####.#.#.....(....
#...............hJ..............
#.#............###.####.........
#.#...######.#.# #.# #.##......
#.##### #.#.# #.# #.# .##..# #.#
#.#.# #.# #.# . .# #.######
#.#.# #.. ..# ## # .........
..#.# ### ### #.####### ###)#
....


You could see an endoplasm.

Vanquished Creatures
  An endoplasm (D:1)
  3 hobgoblins (D:1)
  A quokka (D:1)
  A kobold (D:1)
  A rat (D:1)
7 creatures vanquished.

Notes
Turn   | Place    | Note
-------+----------+-------------------------------------------
     0 | D:1      | Revguard the Demonspawn Shapeshifter began the quest for
                  | the Orb.
     0 | D:1      | Reached XP level 1. HP: 15/15 MP: 1/1
   338 | D:1      | Gained mutation: Your demonic aura sometimes causes spilled
                  | blood to erupt in flames. [demonic ancestry]
   338 | D:1      | Reached XP level 2. HP: 4/21 MP: 2/2
   340 | D:1      | Frozen to death by an endoplasm

Illustrated notes

Levels and vault maps discovered:
D:1:      dpeg_arrival_long_road, layout_basic, ebering_ecumenical_altar_mist

Action                     || total
---------------------------++-------
  Melee: Unarmed           ||    27
 Armour: Animal skin       ||     1
  Dodge: Dodged            ||    16

Table legend: (Time is in decaauts)
 A = Elapsed time spent in this place.
 B = Non-inter-level travel time spent in this place.
 C = Inter-level travel time spent in this place.
 D = Time resting spent in this place.
 E = Time spent auto-exploring this place.
 F = Levels seen in this place.
 G = Mean time per level.
                   A        B        C        D        E       F      G
               +--------+--------+--------+--------+--------+-----+--------+
         Total |    338 |    338 |      0 |      0 |    241 |   1 |  338.0 |
       Dungeon |    338 |    338 |      0 |      0 |    241 |   1 |  338.0 |
               +--------+--------+--------+--------+--------+-----+--------+

Top non-repeatable levels by time:
     D:1: 338 daAuts
